 Dungeon Crawl Stone Soup version 0.28-a0-851-g8b9cc49659 (webtiles) character file.

Game seed: 9564877623695372978

56 Crownlay the Chopper (level 3, -2/31 HPs)
             Began as a Hill Orc Fighter on Nov 14, 2021.
             Slain by Crazy Yiuf (6 damage)
             ... on level 2 of the Dungeon.
             The game lasted 00:01:33 (1877 turns).

Crownlay the Chopper (Hill Orc Fighter)             Turns: 1877, Time: 00:01:34

Health: -2/31      AC:  6    Str: 19    XL:     3   Next: 95%
Magic:  3/3        EV:  9    Int:  8    God:
Gold:   90         SH:  4    Dex: 10    Spells: 2/2 levels left

rFire   . . .      SeeInvis .   a - +0 war axe
rCold   . . .      Faith    .   c - +0 buckler
rNeg    . . .      Spirit   .   b - +0 scale mail
rPois   .          Reflect  .   (no helmet)
rElec   .          Harm     .   (no cloak)
rCorr   .          Rampage  .   (no gloves)
Will    .....                   (no boots)
Stlth   ..........              (no amulet)
HPRegen 0.10/turn               (no ring)
MPRegen 0.08/turn               (no ring)

@: mighty, slowed, very slow
A: no striking features
a: no special abilities


You were on level 2 of the Dungeon.
You visited 1 branch of the dungeon, and saw 2 of its levels.

You collected 90 gold pieces.

Inventory:

Hand Weapons
 a - a +0 war axe (weapon)
Armour
 b - a +0 scale mail (worn)
 c - a +0 buckler (worn)
Jewellery
 j - a ring of wizardry
Scrolls
 f - a scroll of identify
 g - a scroll of blinking
 k - a scroll of teleportation
Potions
 d - a potion of might
 e - a potion of heal wounds {unknown}
 h - a potion of attraction {unknown}
 i - a potion of curing {unknown}


   Skills:
 - Level 3.6 Fighting
 + Level 4.8 Axes
 - Level 3.2 Armour
 - Level 4.0 Shields


You had 2 spell levels left.
You didn't know any spells.
Your spell library contained the following spells:

 Spells                   Type           Power      Damage    Failure   Level
 Sublimation of Blood     Necr           0%         N/A       88%         2
 Wereblood                Tmut           0%         N/A       88%         2
 Summon Hydra             Summ           0%         N/A       100%        7


Dungeon Overview and Level Annotations

Branches:
Dungeon (2/15)

Altars:

Annotations:
D:2 Crazy Yiuf


Message History

No target in view!
You now have 77 gold pieces (gained 11).
Things that are here:
a +0 club; a kobold corpse You see here a rat corpse.
Things that are here:
a +0 dagger; a goblin corpse
There is a stone staircase leading up here.
You now have 90 gold pieces (gained 13).
You see here a +0 short sword.
No target in view!
You open the door.
Found a mace.
Found a runed translucent door.
Okay, then.
Crazy Yiuf shouts!
Crazy Yiuf says, "Shower!"
You see here a +0 mace.
You see here a +0 mace.
There is a stone staircase leading up here.
Crazy Yiuf grits, "Sif Muna tortoise King!"
As you read the scroll labelled QICZOM CAITRUPP, it crumbles to dust.
It is a scroll of identify.
g - a scroll of blinking
As you read the scroll of identify, it crumbles to dust.
k - a scroll of teleportation You feel very mighty all of a sudden.
As you open the door, it creaks loudly!
You hit Crazy Yiuf.
Crazy Yiuf is moderately wounded.
Crazy Yiuf hits you with a +4 quarterstaff of chaos!
You closely miss Crazy Yiuf.
Crazy Yiuf is moderately wounded.
Crazy Yiuf hits you with a +4 quarterstaff of chaos!
* * * LOW HITPOINT WARNING * * *
You feel yourself slow down.
You barely miss Crazy Yiuf.
Crazy Yiuf is moderately wounded.
You block Crazy Yiuf's attack.
Crazy Yiuf hits you with a +4 quarterstaff of chaos.
You die...

.# #.######
#+..'#
####..######
.####......#
#....#
#.......# #
......##.###
#.)..#
############
########.#
##)..#
#...........
#.# ##.##
############
##.### ##.#
#....# #.##
#...## ##.#
#...# #@##
##### #g#
... #...#
#)..# #####


You could see Crazy Yiuf.

Vanquished Creatures
  An adder (D:2)
  A worm (D:2)
  2 dart slugs
  5 endoplasms
  6 goblins
  3 hobgoblins
  A jackal (D:2)
  10 kobolds
  A quokka (D:1)
  2 ball pythons
  3 bats (D:2)
  2 frilled lizards
  A rat (D:2)
38 creatures vanquished.

Notes
Turn   | Place    | Note
-------+----------+-------------------------------------------
     0 | D:1      | Crownlay the Hill Orc Fighter began the quest for the Orb.
     0 | D:1      | Reached XP level 1. HP: 19/19 MP: 1/1
   131 | D:1      | Reached XP level 2. HP: 16/26 MP: 2/2
   715 | D:1      | Found a faded altar of an unknown god.
  1092 | D:2      | Reached XP level 3. HP: 24/31 MP: 3/3
  1777 | D:2      | Found a runed translucent door.
  1778 | D:2      | Noticed Crazy Yiuf
  1877 | D:2      | Slain by Crazy Yiuf

Illustrated notes

Levels and vault maps discovered:
D:1:      minmay_arrival_four_circles, layout_basic,
          hellmonk_ecumenical_altar_pennies_from_heaven
D:2:      minmay_recursive_quarters, layout_rooms, uniq_crazy_yiuf_cottage

Skill      XL: |  1  2  3 |
---------------+----------+-----
Axes           | 3 4 |  4.8
Shields        | 4 |  4.0
Fighting       | |  3.6
Armour         | |  3.2

Action                   || total
-------------------------++-------
Melee: War axe           ||   116
  Use: Scroll            ||     2
       Potion            ||     1
Armor: Scale mail        ||    49
Dodge: Dodged            ||    61
Block: Buckler           ||    34

Table legend: (Time is in decaauts)
 A = Elapsed time spent in this place.
 B = Non-inter-level travel time spent in this place.
 C = Inter-level travel time spent in this place.
 D = Time resting spent in this place.
 E = Time spent auto-exploring this place.
 F = Levels seen in this place.
 G = Mean time per level.
                   A        B        C        D        E       F      G
               +--------+--------+--------+--------+--------+-----+--------+
         Total |   1914 |   1900 |     14 |      0 |   1621 |   2 |  957.0 |
       Dungeon |   1914 |   1900 |     14 |      0 |   1621 |   2 |  957.0 |
               +--------+--------+--------+--------+--------+-----+--------+

Top non-repeatable levels by time:
     D:1: 1066 daAuts
     D:2: 848 daAuts
